 Dungeon Crawl Stone Soup version 0.29-a0-451-gfbfa42419e (webtiles) character file.

Game seed: 17093102095943500159

2755 KristoblXynda the Fighter (level 9, -19/81 (82) HPs)
             Began as a Green Draconian Monk on May 19, 2022.
             Was a Believer of Dithmenos.
             Demolished by a white ugly thing (30 damage)
             ... on level 8 of the Dungeon.
             The game lasted 00:08:23 (9761 turns).

KristoblXynda the Fighter (Green Draconian Monk)    Turns: 9761, Time: 00:08:23

HP:   -19/81 (82)   AC:  9    Str: 18    XL:     9   Next: 41%
MP:   10/10         EV: 15    Int: 17    God:    Dithmenos [**....]
Gold: 421           SH:  0    Dex: 13    Spells: 8/8 levels left

rFire   . . .      SeeInvis .   l - +10 war axe "Wommufyr" {drain, Int+6}
rCold   . . .      Faith    .   (no shield)
rNeg    . . .      Spirit   .   (body armour unavailable)
rPois   +          Reflect  .   (helmet restricted)
rElec   .          Harm     .   f - +0 cloak
rCorr   +          Rampage  .   j - +0 pair of gloves
Will    .....                   (no boots)
Stlth   ++........              (no amulet)
HPRegen 0.23/turn               g - ring of resist corrosion
MPRegen 0.12/turn               (no ring)

@: short of breath, wreathed by umbra, lightly drained
A: breathe noxious fumes, AC +7, unfitting armour, poison resistance,
cold-blooded
a: Breathe Noxious Fumes, Renounce Religion, Shadow Step


You were on level 8 of the Dungeon.
You worshipped Dithmenos.
Dithmenos was pleased with you.
You visited 2 branches of the dungeon, and saw 9 of its levels.

You collected 503 gold pieces.
You spent 82 gold pieces at shops.

Inventory:

Hand Weapons
 l - the +10 war axe "Wommufyr" (weapon) {drain, Int+6}
   (You found it on level 3 of the Dungeon)

   A truly terrible weapon, it drains the life of any living foe it strikes.
   Int:       It affects your intelligence (+6).
Armour
 f - a +0 cloak (worn)
 j - a +0 pair of gloves (worn)
Jewellery
 g - a ring of resist corrosion (left hand)
Wands
 n - a wand of acid (3)
 o - a wand of flame (32)
Scrolls
 b - 4 scrolls of identify
 d - 3 scrolls of enchant armour
 e - 3 scrolls of amnesia
 h - a scroll of immolation {unknown}
 m - 2 scrolls of magic mapping {unknown}
 p - 2 scrolls of vulnerability
 q - 3 scrolls of brand weapon
 r - a scroll of blinking {unknown}
 s - 3 scrolls of teleportation
 u - a scroll of fear {unknown}
Potions
 a - a potion of ambrosia
 c - 2 potions of brilliance
 i - a potion of attraction {unknown}
 t - a potion of flight


   Skills:
 + Level 8.7 Fighting
 + Level 7.3 Dodging
 - Level 1.7 Stealth
 + Level 8.2 Unarmed Combat
 + Level 1.4 Invocations


You had 8 spell levels left.
You didn't know any spells.
Your spell library contained the following spells:

 Spells                   Type           Power      Damage    Failure   Level
 Slow                     Hex            0%         N/A       24%         1
 Call Canine Familiar     Summ           0%         N/A       56%         3
 Confusing Touch          Hex            0%         N/A       56%         3
 Portal Projectile        Hex/Tloc       0%         N/A       56%         3
 Vampiric Draining        Necr           0%         2d6       56%         3
 Leda's Liquefaction      Hex/Erth       0%         N/A       93%         4


Dungeon Overview and Level Annotations

Branches:
Dungeon (8/15)             Temple (1/1) D:7
   Lair: D:8-11

Altars:
Ashenzari
Cheibriados
Dithmenos
Elyvilon
Fedhas
Gozag
Hepliaklqana
Kikubaaqudgha
Makhleb
Nemelex Xobeh
Okawaru
Qazlal
Ru
Sif Muna
Trog
Uskayaw
Vehumet
Wu Jian
Xom
Yredelemnul
Zin
The Shining One

Shops:
D:6 :?

Annotations:
D:6 3 runed translucent doors, Opifex's ghost, novice FoFi
D:8 1 runed translucent door, Sat's ghost, novice HOBe


Innate Abilities, Weirdness & Mutations

You can breathe blasts of noxious fumes.
Your lurid green scales are hard. (AC +7)
You cannot fit into any form of body armour.
Your system is resistant to poisons. (rPois)
You are cold-blooded and may be slowed by cold attacks.


Message History

Found a shimmering altar of Xom.
Found a runed translucent door.
You start resting.
Sat's ghost screams in joy, "As in life, so in death: Kill!
Kill!!
Kill!!!"
HP restored.
Sat's ghost yells, "Who would have thought, even in death it is a pleasure to sever!"
You start waiting.
Done waiting.
You see here a +0 scale mail.
i - a bubbling brown potion A white ugly thing comes into view.
The white ugly thing gurgles horribly!
A white ugly thing is nearby!
A white ugly thing is nearby!
A white ugly thing is nearby!
The white ugly thing claws you. The white ugly thing freezes you!!
Aiming: Breathe Noxious Fumes (4% risk of failure)
Press: ? - help, Shift-Dir - straight line, f - white ugly thing
Aim: a white ugly thing (umbra, 59% to hit)
You exhale a blast of noxious fumes.
The blast of choking fumes hits the white ugly thing.
The white ugly thing is lightly wounded.
The white ugly thing is engulfed in noxious fumes.
The white ugly thing claws you but does no damage.
You hit the white ugly thing.
You tail-slap the white ugly thing, but do no damage.
The white ugly thing is lightly wounded.
The white ugly thing is engulfed in noxious fumes.
The white ugly thing claws you. The white ugly thing freezes you!!
* * * LOW HITPOINT WARNING * * *
Unknown command.
You slash the white ugly thing! You drain the white ugly thing.
You punch the white ugly thing.
The white ugly thing is heavily wounded.
The white ugly thing is engulfed in noxious fumes.
The white ugly thing closely misses you.
The white ugly thing is engulfed in noxious fumes.
The white ugly thing claws you.
* * * LOW HITPOINT WARNING * * *
The white ugly thing freezes you!!
You die...

...##.....#.#...........##.......
...######.#####.........##.......
...# ###))..##.#.##.>...........
...####..).####.#.##########.....
.........###.......#####. #.....
..#......#.##.#.#...⌠.⌠.. #.....
###......+WW#.#.#........ #.....
#.#.#..#.##.#.##..⌠.⌠.. #.....
#.#....###....@u○#### #.....
#####....####.##.# #..... ######
#.# .# ###### #.. .. ### .#. .#.#
.# # .#


You could see a white ugly thing (drained).

Vanquished Creatures
  A hornet (D:8)
  A wyvern (D:8)
  A vampire mosquito (D:7)
  2 water moccasins
  2 orc warriors (D:8)
  A sky beast (D:7)
  An ogre (D:7)
  Blork the orc (D:4)
  3 bullfrogs
  3 scorpions (D:7)
  2 necrophages
  9 wights
  A killer bee (D:7)
  2 jellies
  3 orc priests (D:8)
  4 iguanas
  5 orc wizards
  10 gnolls
  5 adders
  A shadow imp (D:7)
  A white imp (D:5)
  3 worms
  3 dart slugs
  17 orcs
  5 ball pythons
  6 endoplasms
  10 giant cockroaches
  3 goblins
  5 hobgoblins
  6 jackals
  4 quokkas
  5 bats
  5 frilled lizards
  6 kobolds
  6 rats
  A butterfly (D:7)
144 creatures vanquished.

Vanquished Creatures (others)
  3 fungi (D:6)
  A plant (D:6)
4 creatures vanquished.

Grand Total: 148 creatures vanquished

Notes
Turn   | Place    | Note
-------+----------+-------------------------------------------
     0 | D:1      | KristoblXynda the Draconian Monk began the quest for the
                  | Orb.
     0 | D:1      | Reached XP level 1. HP: 19/19 MP: 1/1
   231 | D:1      | Reached XP level 2. HP: 24/26 MP: 2/2
  1074 | D:1      | Reached XP level 3. HP: 31/31 MP: 3/3
  1921 | D:3      | Identified the +10 war axe "Wommufyr" {drain, Int+6}
  2163 | D:3      | Reached XP level 4. HP: 17/40 MP: 4/4
  3069 | D:4      | Reached XP level 5. HP: 43/46 MP: 5/5
  3528 | D:4      | Noticed Blork the orc
  3535 | D:4      | Killed Blork the orc
  3536 | D:4      | Reached XP level 6. HP: 27/55 MP: 6/6
  4170 | D:4      | Reached skill level 5 in Fighting
  4310 | D:5      | Entered Level 5 of the Dungeon
  4327 | D:5      | Reached skill level 5 in Unarmed Combat
  4374 | D:5      | Noticed a water moccasin
  4380 | D:5      | Killed a water moccasin
  4848 | D:5      | Found an iron altar of Okawaru.
  4870 | D:5      | Your scales start taking on a lurid green colour.
  4870 | D:5      | Reached XP level 7. HP: 31/61 MP: 7/7
  4870 | D:5      | Gained mutation: Your system is resistant to poisons.
                  | (rPois) [Green Draconian growth]
  5396 | D:6      | Noticed Opifex's ghost (novice FoFi)
  5397 | D:6      | Found a runed translucent gate.
  5397 | D:6      | Found a runed translucent gate.
  5397 | D:6      | Found a runed translucent gate.
  5405 | D:6      | Noticed a kobold demonologist
  5483 | D:6      | Found Xaoc's Magic Scroll Boutique.
  5504 | D:6      | Bought a scroll of enchant armour for 82 gold pieces
  5537 | D:6      | Found a blossoming altar of Fedhas.
  5585 | D:6      | Reached skill level 5 in Dodging
  5833 | D:6      | Found Yzoy's Book Boutique.
  6371 | D:7      | Found a staircase to the Ecumenical Temple.
  6381 | Temple   | Entered the Ecumenical Temple
  6406 | Temple   | Became a worshipper of Dithmenos the Shadowed
  6406 | Temple   | Reached * piety under Dithmenos
  6406 | Temple   | Reached ** piety under Dithmenos
  6840 | D:7      | Reached XP level 8. HP: 69/71 MP: 8/8
  6904 | D:7      | Found a runed translucent door.
  6923 | D:7      | Found a runed translucent door.
  7148 | D:7      | Found a basalt altar of Yredelemnul.
  7221 | D:7      | Found a broken altar of Ashenzari.
  7889 | D:8      | HP: 1/71 [water moccasin (6)]
  7926 | D:8      | Noticed a hornet
  7942 | D:8      | HP: 1/74 [hornet (8)]
  7945 | D:8      | Killed a hornet
  7946 | D:8      | Reached XP level 9. HP: 12/81 MP: 9/9
  8744 | D:8      | Found a glowing silver altar of Zin.
  8819 | D:8      | Reached skill level 1 in Invocations
  8983 | D:8      | Paralysed by a wight for 3 turns
  8995 | D:8      | Paralysed by a wight for 2 turns
  9557 | D:8      | Found a runed translucent door.
  9557 | D:8      | Found a shimmering altar of Xom.
  9557 | D:8      | Noticed Sat's ghost (novice HOBe)
  9557 | D:8      | Noticed a +0 war axe of chaos
  9752 | D:8      | Noticed a white ugly thing
  9761 | D:8      | Demolished by a white ugly thing

Illustrated notes

Levels and vault maps discovered:
D:1:      dpeg_arrival_ternary, layout_basic
D:2:      layout_rooms
D:3:      layout_loops_corners
D:4:      layout_basic, uniq_blork_the_orc
D:5:      layout_rooms, lemuel_round_altar, bh_walls_and_bars
D:6:      layout_loops_ring, lemuel_coloured_pillars_altar,
          gammafunk_ghost_nasty_kobolds, serial_glass, glass_columns_b,
          glass_columns_b, glass_columns_b, glass_columns_c, serial_shops,
          nicolae_shop_trees, nicolae_square_shop
D:7:      lemuel_insect_pit, layout_gridville, mainiacjoe_overflow_big_doors,
          minmay_temple_entry_mist
D:8:      layout_basic, zin_statuary, ebering_ghost_xom,
          small_chamber_with_monster
Temple:   eino_temple_scatter_basement

Skill      XL: |  1  2  3  4  5  6  7  8  9 |
---------------+----------------------------+-----
Dodging        | 3 4 5 6 7 |  7.3
Unarmed Combat | 4 5 6 7 8 |  8.2
Fighting       | 4 5 6 8 |  8.7
Invocations    | 1 |  1.4
Stealth        | |  1.7

Action                   |  1- 3 |  4- 6 |  7- 9 || total
-------------------------+-------+-------+-------++-------
Melee: Unarmed           |   106 |       |       ||   106
       Tailslap          |    14 |     5 |    16 ||    35
       Punch             |     4 |       |     6 ||    10
       War axe           |    22 |    74 |   144 ||   240
 Abil: Breathe Noxious F |       |       |     5 ||     5
  Use: Scroll            |       |     6 |     5 ||    11
       Potion            |       |       |     6 ||     6
 Stab: Sleeping          |     7 |     5 |     1 ||    13
       Confused          |       |       |     2 ||     2
Armor: Skin              |    42 |    21 |    44 ||   107
Dodge: Dodged            |    96 |    37 |   184 ||   317

Table legend: (Time is in decaauts)
 A = Elapsed time spent in this place.
 B = Non-inter-level travel time spent in this place.
 C = Inter-level travel time spent in this place.
 D = Time resting spent in this place.
 E = Time spent auto-exploring this place.
 F = Levels seen in this place.
 G = Mean time per level.
                   A        B        C        D        E       F      G
               +--------+--------+--------+--------+--------+-----+--------+
         Total |   9881 |   9594 |    287 |   2636 |   5803 |   9 | 1097.9 |
       Dungeon |   9711 |   9443 |    268 |   2636 |   5679 |   8 | 1213.9 |
        Temple |    170 |    151 |     19 |      0 |    124 |   1 |  170.0 |
               +--------+--------+--------+--------+--------+-----+--------+

Top non-repeatable levels by time:
     D:8: 1646 daAuts
     D:7: 1639 daAuts
     D:4: 1262 daAuts
     D:1: 1260 daAuts
     D:3: 1180 daAuts
     D:6: 1171 daAuts
     D:5: 915 daAuts
     D:2: 634 daAuts
  Temple: 170 daAuts
